 Dungeon Crawl Stone Soup version 0.23-a0-79-gaa8cc03 (webtiles) character file.

107 Kikal the Ruffian (level 4, 0/35 HPs)
             Began as a Mummy Monk on Aug 10, 2018.
             Slain by Sigmund
             ... wielding a +0 scythe
              (4 damage)
             ... on level 3 of the Dungeon on Aug 11, 2018.
             The game lasted 00:10:26 (2781 turns).

Kikal the Ruffian (Mummy Monk)                      Turns: 2781, Time: 00:10:27

Health: 0/35       AC:  7    Str: 15    XL:     4   Next: 57%
Magic:  4/4        EV: 11    Int:  9    God:
Gold:   161        SH:  0    Dex: 14    Spells: 3/3 levels left

rFire    x . .     SeeInvis .   e - +1 dagger (elec)
rCold    + . .     Gourm    .   (no shield)
rNeg     + + +     Faith    .   f - +0 ring mail
rPois    ∞         Spirit   .   (no helmet)
rElec    .         Reflect  .   (no cloak)
rCorr    .         Harm     .   b - +0 pair of gloves
MR       .....                  h - +0 pair of boots
Stlth    ..........             (no amulet)
HPRegen  0.11/turn              i - ring of attention (curse)
MPRegen  0.09/turn              (no ring)

@: no status effects
A: no food or potions, fire vulnerability, cold resistance 1, negative energy
resistance 3, torment resistance, unbreathing
a: no special abilities


You were on level 3 of the Dungeon.
You were not hungry.

You visited 1 branch of the dungeon, and saw 3 of its levels.

You collected 161 gold pieces.

Inventory:

Hand Weapons
 e - a +1 dagger of electrocution (weapon)
Missiles
 c - 88 stones (quivered)
 k - 8 curare-tipped needles
Armour
 b - a +0 pair of gloves (worn)
 f - a +0 ring mail (worn)
 h - a +0 pair of boots (worn)
Jewellery
 i - a cursed ring of attention (left hand)
Scrolls
 a - a scroll of blinking {unknown}
 d - 2 scrolls of identify {unknown}
 g - a scroll of noise {unknown}
 j - a scroll of remove curse {unknown}
 l - a scroll of magic mapping {unknown}


   Skills:
 - Level 3.2 Fighting
 + Level 0.9 Armour
 - Level 2.4 Dodging
 - Level 1.5 Stealth
 * Level 4.1 Unarmed Combat


You had 3 spell levels left.
You didn't know any spells.
Your spell library was empty.

Dungeon Overview and Level Annotations

Branches:
Dungeon (3/15)

Altars:
Ashenzari
Okawaru

Annotations:
D:1 exclusion: gnoll
D:3 Sigmund


Innate Abilities, Weirdness & Mutations

You do not eat or drink.
Your flesh is vulnerable to fire.
You are immune to poison.
Your flesh is cold resistant. (rC+)
You are immune to negative energy. (rN+++)
You are immune to unholy pain and torment.
You can survive without breathing.


Message History

You hit Sigmund but do no damage. You closely miss Sigmund.
Sigmund hits you with a scythe!
You take 9 damage, and have 15/35 hp.
MASSIVE DAMAGE!!
You hit Sigmund.
Wield which item (- for none, * to show all)? (? for menu, Esc to quit)
You hear the crackle of electricity.
e - a +1 dagger of electrocution (weapon)
Sigmund hits you with a scythe!
* * * LOW HITPOINT WARNING * * *
You take 6 damage, and have 9/35 hp.
You completely miss Sigmund. You hit Sigmund. Your punch misses Sigmund.
Sigmund barely misses you.
You closely miss Sigmund. Sigmund hits you but does no damage.
You hit Sigmund. Lightning courses through Sigmund!
Your ring mail prevents you from hitting Sigmund.
Sigmund hits you with a scythe.
* * * LOW HITPOINT WARNING * * *
You take 5 damage, and have 4/35 hp.
You barely miss Sigmund. Sigmund hits you with a scythe.
You die...

............#....................
...###......#.....#.....####.....
..####.................. ......
............#.#......... ##.....
..........†.#.#....#.#.. #.....
........^.(.#.#......... ..###.
............#.#..#....##
...........##.#.........
...#.......##.#.@#....##
...#..........#.@.....#
...#......#####...#...#
...#......# #.........
...#......# #..###.###
...####...#####..# .#
.................#
....###...######.# ....# #...#


You could see Sigmund.

Vanquished Creatures
  2 oozes
  5 worms
  3 dart slugs
  A leopard gecko (D:1)
  An orc (D:3)
  4 bats
  8 giant cockroaches
  13 goblins
  7 hobgoblins
  3 jackals (D:2)
  A quokka (D:2)
  2 ball pythons
  9 frilled lizards
  9 kobolds
  5 rats
73 creatures vanquished.

Notes
Turn   | Place    | Note
-------+----------+-------------------------------------------
     0 | D:1      | Kikal the Mummy Monk began the quest for the Orb.
     0 | D:1      | Reached XP level 1. HP: 18/18 MP: 1/1
   401 | D:1      | Reached skill level 3 in Unarmed Combat
   401 | D:1      | Reached XP level 2. HP: 24/24 MP: 2/2
   606 | D:1      | Found a shattered altar of Ashenzari.
   760 | D:1      | Reached XP level 3. HP: 23/29 MP: 3/3
  1337 | D:2      | Found an iron altar of Okawaru.
  1654 | D:2      | Reached XP level 4. HP: 35/35 MP: 4/4
  2162 | D:3      | Reached skill level 4 in Unarmed Combat
  2324 | D:3      | Upgraded the game from 0.23-a0-78-gc252fe1 to 0.23-a0-79-gaa8cc03
  2758 | D:3      | Noticed Sigmund
  2781 | D:3      | Slain by Sigmund

Vault maps used:
D:1:      dpeg_arrival_water_fire, st_stairs_7, corexii_leaking_fountain,
          ashenzari_altar_1
D:2:      okawaru_ov_weapons_minmay
D:3:      first_ration, uniq_sigmund

Skill      XL: |  1  2  3  4 |
---------------+-------------+-----
Unarmed Combat | 3 4 |  4.1
Fighting       | |  3.2
Armour         | |  0.9
Dodging        | |  2.4
Stealth        | |  1.5

Action                   |  1- 3 |  4- 6 || total
-------------------------+-------+-------++-------
Melee: Unarmed           |    90 |   124 ||   214
       Dagger            |    55 |     6 ||    61
       Punch             |     5 |     5 ||    10
Armor: Robe              |    17 |       ||    17
       Ring mail         |    11 |    35 ||    46
Dodge: Dodged            |    77 |    69 ||   146

Table legend:
 A = Non-vault XP
 B = Vault XP
 C = Vault XP percentage of total XP
 D = Non-vault monster count
 E = Vault monster count
 F = Vault count percentage of total count
 G = Total turns spent on level
                 A         B        C        D         E       F
            +---------+---------+-------+---------+---------+-------
      Total |     151 |       3 |   1.9 |      71 |       2 |   2.7
            +---------+---------+-------+---------+---------+-------
        D:1 |      45 |       3 |   6.2 |      22 |       2 |   8.3
        D:2 |      63 |       0 |   0.0 |      30 |       0 |   0.0
        D:3 |      43 |       0 |   0.0 |      19 |       0 |   0.0
            +---------+---------+-------+---------+---------+-------
